Map: [ESL] Cosmic Sapphire

Players

Clem

  • Race: Terran Terran
  • Spawn Location: 5:00

herO - Winner!

  • Race: Protoss Protoss
  • Spawn Location: 11:00

Event: DreamHack SC2 Masters 2022 Valencia

VOD

Have the link to the VOD?

Description

Time

  • Played on: July 3, 2022, 4:34 a.m.
  • Length: 9:50

All games in this series

Show
View Real Time Build Order
Export as new Build Order

Clem Terran 

Build Orders: Cyclone Opening 

Get SALT Encoding   

  12  0:00  SCV  
  13  0:12  SCV  
  14  0:16  Supply Depot  
  14  0:24  SCV  
  15  0:38  SCV  
  15  0:39  Barracks  
  16  0:43  Refinery  
  16  0:50  SCV  
  17  1:02  SCV  
  18  1:14  SCV  
  19  1:26  Orbital Command, Marine  
  20  1:40  Command Center  
  20  1:51  Factory  
  20  1:55  Marine  
  21  2:04  Bunker  
  21  2:13  Marine, Supply Depot  
  22  2:16  SCV  
  23  2:28  Engineering Bay  
  23  2:34  SCV, Marine  
  25  2:39  Factory Tech Lab  
  25  2:47  SCV  
  26  2:53  Orbital Command  
  26  2:57  Cyclone  
  29  2:59  Marine  
  29  3:03  SCV  
  30  3:15  SCV  
  28  3:21  SCV  
  28  3:25  Supply Depot  
  27  3:28  SCV  
  27  3:29  Cyclone  
  27  3:33  SCV  
  27  3:34  Marine  
  32  3:40  SCV  
  33  3:44  Barracks  
  33  3:45  SCV  
  34  3:52  SCV  
  34  3:54  Barracks Reactor  
  35  3:57  SCV  
  36  4:04  SCV  
  36  4:08  Barracks  
  36  4:09  SCV  
  38  4:10  Refinery  
  38  4:11  Siege Tank  
  38  4:16  SCV  
  42  4:17  Supply Depot  
  42  4:21  SCV  
  43  4:25  Engineering Bay  
  43  4:28  SCV  
  43  4:29  Marine  
  43  4:30  Marine  
  46  4:31  Marine  
  46  4:33  SCV  
  48  4:40  SCV  
  48  4:45  SCV, Supply Depot  
  48  4:47  Siege Tank  
  48  4:49  Marine x2  
  48  4:52  SCV  
  54  4:57  SCV  
  54  4:59  Marine x2  
  53  5:04  SCV  
  54  5:10  SCV, Marine x2  
  57  5:16  SCV  
  58  5:22  SCV  
  58  5:24  Marine  
  58  5:28  Reaper, Marine  
  62  5:29  SCV, Supply Depot  
  62  5:32  Marine  
  62  5:34  SCV, Stimpack  
  61  5:41  SCV  
  61  5:42  Marine  
  62  5:46  SCV  
  62  5:47  Marine  
  62  5:50  Marine  
  62  5:53  SCV  
  62  5:54  Supply Depot  
  62  5:56  Refinery  
  64  5:58  SCV  
  64  6:00  Marine  
  64  6:03  Starport  
  67  6:04  Starport  
  67  6:05  SCV  
  67  6:07  Barracks Tech Lab  
  67  6:10  SCV  
  68  6:12  Supply Depot  
  68  6:13  Refinery  
  68  6:14  Marine x2  
  68  6:17  SCV, Factory Reactor  
  71  6:19  Marine  
  71  6:22  SCV, Missile Turret  
  71  6:23  Missile Turret  
  70  6:29  SCV  
  64  6:34  SCV  
  60  6:41  SCV  
  60  6:42  Marine  
  60  6:46  SCV, Marine x2  
  65  6:52  Combat Shield  
  65  6:57  Marauder  
  65  6:58  SCV  
  65  7:00  Marine  
  69  7:04  Marine x2  
  69  7:05  SCV  
  69  7:06  Medivac  
  74  7:13  SCV  
  75  7:16  Medivac  
  75  7:18  Marine  
  75  7:20  Marauder  
  75  7:22  Marine  
  80  7:23  Factory Reactor  
  80  7:25  Marauder  
  82  7:35  Command Center  
  82  7:37  Marine  
  82  7:41  Marauder  
  85  7:46  Supply Depot, Terran Infantry Weapons Level 1  
  85  7:50  Concussive Shells, Marauder  
  87  8:02  Marauder  
  87  8:03  SCV  
  87  8:04  SCV  
  89  8:06  Medivac x2  
  89  8:11  Marine x2  
  89  8:12  Widow Mine  
  97  8:14  Supply Depot  
  97  8:15  Widow Mine  
  97  8:16  Marauder  
  97  8:17  SCV  
  102  8:25  Barracks  
  102  8:29  SCV  
  102  8:31  Barracks  
  102  8:32  Marine x2  
  102  8:33  SCV  
  102  8:40  Marine  
  85  8:41  SCV  
  85  8:45  SCV  
  79  8:52  Barracks, Marine x2  
  79  8:54  SCV  
  77  8:58  Marauder  
  77  8:59  Widow Mine x2  
  77  9:01  SCV  
  84  9:05  Marine  
  84  9:06  SCV  
  86  9:13  Marine x2  
  86  9:14  SCV  
  89  9:19  Marauder  
  89  9:23  Ghost Academy  
  94  9:24  Barracks Tech Lab, Widow Mine  
  94  9:25  SCV  
  94  9:27  SCV  
  95  9:37  SCV  
Show
View Real Time Build Order
Export as new Build Order

herO Protoss - Winner!

Build Orders:  

Get SALT Encoding   

  12  0:00  Probe  
  13  0:12  Probe  
  14  0:18  Pylon  
  14  0:24  Probe (Chrono Boost)  
  15  0:37  Probe (Chrono Boost), Gateway  
  16  0:44  Probe (Chrono Boost)  
  16  0:47  Assimilator  
  17  0:51  Probe  
  17  0:56  Pylon  
  18  1:03  Probe  
  19  1:15  Probe, Gateway  
  20  1:25  Cybernetics Core  
  20  1:49  Nexus  
  22  2:01  Adept (Chrono Boost)  
  22  2:03  Adept (Chrono Boost)  
  22  2:04  Warp Gate  
  24  2:10  Probe  
  25  2:21  Adept (Chrono Boost)  
  25  2:22  Adept  
  27  2:27  Pylon  
  29  2:31  Assimilator  
  29  2:35  Probe  
  30  2:47  Probe  
  31  2:52  Adept x2  
  35  2:59  Probe  
  35  3:00  Probe  
  37  3:11  Gateway  
  37  3:14  Probe  
  37  3:16  Probe  
  37  3:28  Probe x2, Robotics Facility  
  39  3:40  Probe x2  
  39  3:43  Twilight Council  
  37  3:52  Probe x2  
  37  3:54  Stalker  
  37  3:55  Stalker  
  43  3:56  Shield Battery  
  43  4:06  Probe x2  
  43  4:08  Assimilator  
  45  4:17  Stalker x3  
  45  4:21  Warp Prism (Chrono Boost)  
  53  4:28  Pylon  
  53  4:30  Probe  
  54  4:37  Pylon  
  54  4:45  Dark Shrine  
  54  4:46  Probe  
  51  4:54  Adept x3  
  51  4:57  Probe  
  51  4:58  Probe  
  59  5:02  Pylon  
  59  5:03  Observer  
  59  5:06  Assimilator  
  60  5:08  Forge  
  60  5:16  Probe x2  
  60  5:19  Adept x3  
  66  5:27  Pylon  
  66  5:28  Probe x2  
  68  5:38  Protoss Ground Weapons Level 1 (Chrono Boost)  
  68  5:40  Charge (Chrono Boost)  
  62  5:51  Gateway  
  62  5:53  Gateway  
  62  5:55  Pylon, Gateway  
  62  5:59  Gateway  
  62  6:01  Shield Battery, Dark Templar  
  64  6:05  Dark Templar  
  64  6:09  Dark Templar  
  68  6:19  Shadow Stride (Chrono Boost)  
  62  6:34  Nexus, Probe x2  
  62  6:35  Warp Prism (Chrono Boost)  
  63  6:41  Sentry x2  
  63  6:46  Sentry  
  69  6:50  Probe x2  
  71  6:54  Stalker x2  
  75  7:04  Pylon, Shield Battery  
  75  7:11  Probe x2  
  76  7:17  Phoenix  
  76  7:21  Gateway  
  76  7:23  Probe x2  
  76  7:24  Immortal (Chrono Boost)  
  76  7:25  Dark Templar x2  
  82  7:33  Zealot x2  
  86  7:37  Dark Templar  
  86  7:40  Probe  
  86  7:41  Probe  
  90  7:56  Immortal  
  90  7:57  Zealot  
  90  7:58  Zealot x2  
  98  8:11  Archon, Zealot x4  
  104  8:17  Shield Battery  
  104  8:22  Sentry  
  104  8:23  Zealot x3  
  110  8:31  Zealot x4  
  114  8:41  Warp Prism (Chrono Boost)  
  96  8:46  Probe x3  
  96  8:48  Dark Templar x2  
  95  8:49  Zealot  
  95  8:55  Dark Templar, Zealot  
  99  9:03  Dark Templar  
  99  9:04  Zealot x2  
  105  9:25  Zealot x6  

Tags
 
Add a new tag
Caveats
  • Supply blocks, unpowered buildings, or Contaminate may cause inaccurate times.
  • Supply counts are checked every 10 seconds.